 Dungeon Crawl Stone Soup version 0.22.0-75-g3901e79 (webtiles) character file.

835 Merlin the Insei (level 7, -5/47 HPs)
             Began as a Gnoll Transmuter on Sept 11, 2018.
             Was a Follower of Hepliaklqana.
             Slain by an orc warrior
             ... wielding a +0 war axe
              (7 damage)
             ... while paralysed by Grinder
             ... on level 6 of the Dungeon.
             The game lasted 00:25:15 (5312 turns).

Merlin the Insei (Gnoll Transmuter)                 Turns: 5312, Time: 00:25:15

Health: -5/47      AC:  8    Str: 13    XL:     7   Next: 98%
Magic:  11/15      EV:  2    Int: 17    God:    Hepliaklqana [*.....]
Gold:   332        SH:  0    Dex: 15    Spells: 2/17 levels left

rFire    . . .     SeeInvis +     - Unarmed
rCold    . . .     Gourm    .   (no shield)
rNeg     . . .     Faith    .   b - +0 robe
rPois    .         Spirit   .   m - +2 helmet
rElec    .         Reflect  .   o - +0 cloak
rCorr    .         Harm     .   (no gloves)
MR       +....                  p - +1 pair of boots
Stlth    ++........             z - amulet of the acrobat
HPRegen  0.15/turn              e - ring of protection from magic
MPRegen  0.14/turn              r - ring of see invisible

@: paralysed
A: distributed training, reduced essence, fangs 1, strong nose
a: Recall Ancestor, Ancestor Identity, Renounce Religion


You were on level 6 of the Dungeon.
You worshipped Hepliaklqana.
Hepliaklqana was aware of your devotion.
You were very full.

You visited 2 branches of the dungeon, and saw 7 of its levels.
You also visited: Sewer.

You collected 332 gold pieces.

Inventory:

Missiles
 a - 114 arrows
Armour
 b - a +0 robe (worn)
 m - a +2 helmet (worn)
 o - a +0 cloak (worn)
 p - a +1 pair of boots (worn)
 w - a cursed -2 ring mail
Jewellery
 e - a ring of protection from magic (left hand)
 r - a ring of see invisible (right hand)
 z - an amulet of the acrobat (around neck)
 A - an uncursed amulet of the gourmand
 G - an uncursed ring of flight {unknown}
Scrolls
 c - 3 scrolls of magic mapping
 g - a scroll of fear
 l - a scroll of random uselessness {unknown}
 n - a scroll of fog {unknown}
 s - 2 scrolls of teleportation {unknown}
 u - a scroll of amnesia {unknown}
 v - a scroll of vulnerability {unknown}
 x - 2 scrolls of remove curse {unknown}
 y - 2 scrolls of immolation {unknown}
 B - 2 scrolls of enchant armour
Potions
 f - a potion of haste
 h - 3 potions of curing
 i - 2 potions of agility
 j - a potion of might
 k - a potion of mutation
 q - a potion of lignification
 t - 2 potions of flight
 F - 2 potions of brilliance
Comestibles
 d - 8 rations
 D - 3 chunks of flesh


   Skills:
 + Level 3.8 Fighting
 + Level 2.7 Short Blades
 + Level 2.7 Long Blades
 + Level 2.7 Axes
 + Level 2.7 Maces & Flails
 + Level 2.7 Polearms
 + Level 2.7 Staves
 + Level 2.7 Slings
 + Level 2.7 Bows
 + Level 2.7 Crossbows
 + Level 2.7 Throwing
 + Level 2.7 Armour
 + Level 5.4 Dodging
 + Level 2.7 Stealth
 + Level 2.7 Shields
 + Level 7.1 Unarmed Combat
 + Level 5.7 Spellcasting
 + Level 2.2 Conjurations
 + Level 2.2 Hexes
 + Level 2.2 Charms
 + Level 2.2 Summonings
 + Level 2.2 Necromancy
 + Level 2.2 Translocations
 + Level 4.4 Transmutations
 + Level 2.2 Fire Magic
 + Level 2.2 Ice Magic
 + Level 2.2 Air Magic
 + Level 2.2 Earth Magic
 + Level 2.2 Poison Magic
 + Level 3.0 Invocations
 + Level 2.7 Evocations


You had 2 spell levels left.
You knew the following spells:

 Your Spells              Type           Power        Failure   Level  Hunger
a - Beastly Appendage     Tmut           ###...       2%          1    None
b - Sticks to Snakes      Tmut           ###.....     3%          2    #......
c - Spider Form           Tmut/Pois      ###.......   10%         3    ##.....
d - Ice Form              Ice/Tmut       ###.....     32%         4    ####...
e - Blade Hands           Tmut           ###.......   52%         5    ######.

Your spell library contained the following spells:

 Spells                   Type           Power        Failure   Level  Hunger


Dungeon Overview and Level Annotations

Branches:
Dungeon (6/15)             Temple (1/1) D:4

Altars:
Ashenzari
Cheibriados
Dithmenos
Elyvilon
Fedhas
Gozag
Hepliaklqana
Kikubaaqudgha
Makhleb
Nemelex Xobeh
Qazlal
Ru
Sif Muna
Trog
Uskayaw
Vehumet
Wu Jian
Xom
Yredelemnul
Zin
The Shining One

Annotations:
D:6 Grinder


Innate Abilities, Weirdness & Mutations

Your experience applies equally to all skills.
You have very sharp teeth.
Your uncanny sense of smell can sniff out nearby items.
Your life essence is reduced to manifest your ancestor. (-10% HP)


Message History

The orc warrior hits your ball python with a war axe!
Your ball python dies!
The orc warrior hits you with a war axe!
* * * LOW HITPOINT WARNING * * *
Grinder blinks!
Unknown command.
You feel much better.
The orc warrior hits you with a war axe!
The orc completely misses you.
You remove your amulet of the gourmand.
Your injuries prevent the amulet from attuning itself.
z - an amulet of the acrobat (around neck)
The orc hits you but does no damage.
The orc warrior hits you with a war axe!!
* * * LOW HITPOINT WARNING * * *
The orc misses you. Grinder gestures at you.
You suddenly lose the ability to move!
The orc warrior hits you with a war axe!
You die...

#.........###.#.###...###
#.....$...?...#o# #...
#.........#####r#####.##
#.........# #........#
#.........# ####..###.#
#.........####.......#.#
#....5.w..##...#####.#.#
#......oo....### .#.##
########@#.### #...
#......# ###. ###.##...
## .(# ## ∆###


You could see Grinder, an orc warrior, a worm and an orc.

Vanquished Creatures
  A bullfrog (D:6)
  A hound (D:5)
  An orc wizard (D:6)
  2 iguanas
  3 worker ants
  5 gnolls
  4 adders
  A river rat (Sewer)
  A worm (D:5)
  4 dart slugs
  2 leopard geckos (D:4)
  8 orcs
  2 ball pythons
  8 bats
  2 giant cockroaches
  4 goblins
  7 hobgoblins
  7 jackals
  A quokka (D:6)
  5 frilled lizards
  9 kobolds
  9 rats
87 creatures vanquished.

Vanquished Creatures (collateral kills)
  An ogre (D:4)
  A big kobold (Sewer)
  A bullfrog (D:6)
  A howler monkey (D:5)
  A jelly (D:5)
  Crazy Yiuf (D:4)
  2 iguanas
  A worker ant (D:6)
  2 gnolls
  A river rat (Sewer)
  An orc (D:6)
  A jackal (Sewer)
  2 kobolds (Sewer)
  A rat (Sewer)
17 creatures vanquished.

Vanquished Creatures (others)
  2 ancestors
2 creatures vanquished.

Grand Total: 106 creatures vanquished

Notes
Turn   | Place    | Note
-------+----------+-------------------------------------------
     0 | D:1      | Merlin the Gnoll Transmuter began the quest for the Orb.
     0 | D:1      | Reached XP level 1. HP: 17/17 MP: 6/6
   238 | D:1      | Reached XP level 2. HP: 23/23 MP: 7/7
   317 | D:1      | Learned a level 2 spell: Sticks to Snakes
  1071 | D:2      | Reached XP level 3. HP: 26/28 MP: 9/9
  1076 | D:2      | Learned a level 3 spell: Spider Form
  1246 | D:2      | Reached skill level 5 in Spellcasting
  1754 | D:3      | Reached skill level 1 in Invocations
  1860 | D:3      | Reached skill level 1 in Short Blades
  1860 | D:3      | Reached skill level 1 in Long Blades
  1860 | D:3      | Reached skill level 1 in Axes
  1860 | D:3      | Reached skill level 1 in Maces & Flails
  1860 | D:3      | Reached skill level 1 in Polearms
  1860 | D:3      | Reached skill level 1 in Staves
  1860 | D:3      | Reached skill level 1 in Slings
  1860 | D:3      | Reached skill level 1 in Bows
  1860 | D:3      | Reached skill level 1 in Crossbows
  1860 | D:3      | Reached skill level 1 in Throwing
  1860 | D:3      | Reached skill level 1 in Armour
  1860 | D:3      | Reached skill level 1 in Stealth
  1860 | D:3      | Reached skill level 1 in Shields
  1860 | D:3      | Reached skill level 1 in Evocations
  1860 | D:3      | Reached XP level 4. HP: 19/34 MP: 6/11
  2577 | D:4      | Reached skill level 1 in Conjurations
  2577 | D:4      | Reached skill level 1 in Hexes
  2577 | D:4      | Reached skill level 1 in Charms
  2577 | D:4      | Reached skill level 1 in Summonings
  2577 | D:4      | Reached skill level 1 in Necromancy
  2577 | D:4      | Reached skill level 1 in Translocations
  2577 | D:4      | Reached skill level 1 in Fire Magic
  2577 | D:4      | Reached skill level 1 in Ice Magic
  2577 | D:4      | Reached skill level 1 in Air Magic
  2577 | D:4      | Reached skill level 1 in Earth Magic
  2577 | D:4      | Reached skill level 1 in Poison Magic
  2810 | D:4      | Reached XP level 5. HP: 31/40 MP: 12/12
  2878 | D:4      | Learned a level 4 spell: Ice Form
  2931 | D:4      | Noticed an ogre
  2941 | D:4      | Killed an ogre
  3183 | D:4      | Found a staircase to the Ecumenical Temple.
  3192 | Temple   | Entered the Ecumenical Temple
  3318 | Temple   | Became a worshipper of Hepliaklqana the Forgotten
  3409 | D:4      | Found a runed door.
  3413 | D:4      | Noticed Crazy Yiuf
  3423 | D:4      | Killed Crazy Yiuf
  3423 | D:4      | Reached XP level 6. HP: 22/42 MP: 10/13
  3633 | D:5      | Entered Level 5 of the Dungeon
  3705 | D:5      | Reached skill level 5 in Dodging
  3917 | D:5      | Found a glowing drain.
  3933 | Sewer    | Entered a sewer
  4029 | Sewer    | Reached XP level 7. HP: 38/46 MP: 15/15
  4045 | Sewer    | Found a white marble altar of Elyvilon.
  4059 | Sewer    | Learned a level 5 spell: Blade Hands
  4455 | D:5      | Reached skill level 7 in Unarmed Combat
  4637 | D:5      | Found a stormy altar of Qazlal.
  4730 | D:5      | Reached * piety under Hepliaklqana
  5266 | D:6      | Noticed Grinder
  5310 | D:6      | HP: 2/47 [orc warrior/war axe (19)]
  5311 | D:6      | Paralysed by Grinder for 2 turns
  5312 | D:6      | Slain by an orc warrior

Skill      XL: |  1  2  3  4  5  6  7 |
---------------+----------------------+-----
Spellcasting   | 5 |  5.7
Invocations    | 1 2 3 |  3.0
Short Blades   | 1 2 |  2.7
Long Blades    | 1 2 |  2.7
Axes           | 1 2 |  2.7
Maces & Flails | 1 2 |  2.7
Polearms       | 1 2 |  2.7
Staves         | 1 2 |  2.7
Slings         | 1 2 |  2.7
Bows           | 1 2 |  2.7
Crossbows      | 1 2 |  2.7
Throwing       | 1 2 |  2.7
Armour         | 1 2 |  2.7
Stealth        | 1 2 |  2.7
Shields        | 1 2 |  2.7
Evocations     | 1 2 |  2.7
Conjurations   | 1 2 |  2.2
Hexes          | 1 2 |  2.2
Charms         | 1 2 |  2.2
Summonings     | 1 2 |  2.2
Necromancy     | 1 2 |  2.2
Translocations | 1 2 |  2.2
Fire Magic     | 1 2 |  2.2
Ice Magic      | 1 2 |  2.2
Air Magic      | 1 2 |  2.2
Earth Magic    | 1 2 |  2.2
Poison Magic   | 1 2 |  2.2
Fighting       | 3 |  3.8
Transmutations | 4 |  4.4
Dodging        | 5 |  5.4
Unarmed Combat | 7 |  7.1

Action                   |  1- 3 |  4- 6 |  7- 9 || total
-------------------------+-------+-------+-------++-------
Melee: Unarmed           |   137 |   145 |    72 ||   354
       Bite              |     9 |    13 |     8 ||    30
       Kick              |     4 |       |       ||     4
       Headbutt          |     1 |       |       ||     1
       Punch             |     2 |     3 |     2 ||     7
Throw: Tomahawk          |       |       |     2 ||     2
 Cast: Beastly Appendage |     7 |       |       ||     7
       Sticks to Snakes  |     3 |     5 |     5 ||    13
       Spider Form       |       |     1 |     1 ||     2
Invok: Ancestor Identity |       |     1 |       ||     1
       Recall Ancestor   |       |       |     1 ||     1
  Use: Scroll            |    12 |     2 |     2 ||    16
       Potion            |       |     1 |     3 ||     4
 Stab: Sleeping          |     4 |     2 |       ||     6
       Distracted        |       |     1 |     2 ||     3
  Eat: Chunk             |     3 |     7 |    11 ||    21
       Ration            |       |       |     1 ||     1
Armor: Robe              |    33 |    22 |    13 ||    68
       Skin              |       |       |     1 ||     1
Dodge: Dodged            |   104 |    92 |    56 ||   252
